[Event "CN Seniori 2012"]
[Site "Sarata Monteoru/Romania"]
[Date "2012.02.14"]
[Round "2.9"]
[White "Filip, Lucian"]
[Black "Stegariu, Vlad-Ionut"]
[Result "1/2-1/2"]
[ECO "A30"]
[WhiteElo "2490"]
[BlackElo "2202"]
[PlyCount "62"]
[EventDate "2012.??.??"]
[TimeControl "40/5400+30:900+30"]

1. Nf3 c5 2. c4 Nc6 3. d4 cxd4 4. Nxd4 e5 5. Nb5 a6 6. Nd6+ Bxd6 7. Qxd6 Qf6 8.
Qd2 Nge7 9. e3 O-O 10. Nc3 Qg6 11. f3 d6 12. Bd3 f5 13. O-O Be6 14. b3 Rfd8 15.
e4 Nd4 16. Bb2 Nec6 17. Nd5 Kh8 18. Nc7 Rac8 19. Nxe6 Qxe6 20. Bxd4 Nxd4 21.
exf5 Nxf5 22. Qe2 Rf8 23. f4 Rce8 24. Qe4 Qc8 25. Rae1 g6 26. Qd5 exf4 27. Bxf5
Rxf5 28. Qxd6 Rd8 29. Qe7 Rd7 30. Qe6 Qc5+ 31. Kh1 Rdf7 1/2-1/2

[Event "CN Seniori 2012"]
[Site "Sarata Monteoru/Romania"]
[Date "2012.02.14"]
[Round "2.10"]
[White "Prodileanu, Adrian"]
[Black "Berescu, Alin-Mile"]
[Result "1-0"]
[ECO "A29"]
[WhiteElo "2204"]
[BlackElo "2488"]
[PlyCount "97"]
[EventDate "2012.??.??"]
[TimeControl "40/5400+30:900+30"]

1. c4 e5 2. g3 Nf6 3. Bg2 Bc5 4. Nc3 O-O 5. d3 d6 6. Nf3 h6 7. O-O Nc6 8. a3 a6
9. b4 Ba7 10. Bb2 Be6 11. Rc1 Qd7 12. e3 Ne7 13. Re1 Ng6 14. d4 exd4 15. Nxd4
Bg4 16. Bf3 Ne5 17. Bxg4 Nfxg4 18. Nd5 c6 19. Nf4 Rad8 20. h3 Nf6 21. Kg2 Rfe8
22. Qc2 d5 23. cxd5 Nxd5 24. Nxd5 Qxd5+ 25. e4 Qa2 26. Red1 Nc4 27. Qxc4 Qxb2
28. Nc2 b5 29. Qe2 c5 30. Rxd8 Rxd8 31. Rd1 Rc8 32. Rd2 Qc3 33. Rd7 cxb4 34.
Nxb4 Qxa3 35. Nd5 Bc5 36. Qg4 Rf8 37. Nf6+ Kh8 38. Nh5 g6 39. Qf4 gxh5 40.
Qxh6+ Kg8 41. Qg5+ Kh7 42. Qxh5+ Kg7 43. Qg4+ Kh8 44. Rd5 f5 45. Qh5+ Kg7 46.
Qg5+ Kf7 47. Qxf5+ Kg7 48. Qg5+ Kf7 49. Rxc5 1-0

[Event "CN Seniori 2012"]
[Site "Sarata Monteoru/Romania"]
[Date "2012.02.14"]
[Round "2.11"]
[White "Dumitrache, Dragos-Nicolae"]
[Black "Horvat, Dan-Sebastian"]
[Result "1-0"]
[ECO "D11"]
[WhiteElo "2460"]
[BlackElo "2197"]
[PlyCount "77"]
[EventDate "2012.??.??"]
[TimeControl "40/5400+30:900+30"]

1. d4 d5 2. c4 c6 3. Nf3 Nf6 4. e3 a6 5. Bd3 Bg4 6. Nbd2 Nbd7 7. Qc2 e6 8. b3
Bd6 9. Bb2 Qb8 10. O-O O-O 11. h3 Bh5 12. Ng5 Bg6 13. Bxg6 hxg6 14. Rad1 a5 15.
e4 e5 16. cxd5 cxd5 17. exd5 exd4 18. Nde4 Bh2+ 19. Kh1 Be5 20. Bxd4 Rc8 21.
Qd3 Bxd4 22. Qxd4 Rc2 23. d6 Qa7 24. Nxf6+ gxf6 25. Qe4 Rxf2 26. Nxf7 Kxf7 27.
Qe7+ Kg8 28. Qe6+ Kf8 29. Qe7+ Kg8 30. Qxd7 Rxf1+ 31. Rxf1 Qd4 32. Qe6+ Kg7 33.
Qe7+ Kh6 34. d7 f5 35. Qe8 Qh8 36. Re1 Qc3 37. Rd1 Qc2 38. Qe3+ f4 39. Qxf4+
1-0

[Event "CN Seniori 2012"]
[Site "Sarata Monteoru/Romania"]
[Date "2012.02.14"]
[Round "2.12"]
[White "Senetia, Teodor"]
[Black "Cioara, Andrei-Nestor"]
[Result "0-1"]
[ECO "C01"]
[WhiteElo "2198"]
[BlackElo "2456"]
[PlyCount "60"]
[EventDate "2012.??.??"]
[TimeControl "40/5400+30:900+30"]

1. e4 e6 2. d4 d5 3. Nc3 Bb4 4. exd5 exd5 5. Bd3 Nc6 6. a3 Bxc3+ 7. bxc3 Nf6 8.
Nf3 O-O 9. O-O Bg4 10. h3 Bh5 11. g4 Bg6 12. c4 dxc4 13. Bxc4 Re8 14. Bb5 Qd6
15. Ne5 Nxd4 16. Bxe8 Qxe5 17. f4 Ne2+ 18. Kh2 Qxa1 19. Ba4 Nc3 20. Qd4 c5 21.
Qe5 b5 22. Bxb5 Qb1 23. Qxc3 Qxb5 24. Re1 Ne4 25. Qd3 c4 26. Qd4 f5 27. gxf5
Qxf5 28. Qxc4+ Kh8 29. Qc6 Rc8 30. Rxe4 Rxc6 0-1

[Event "CN Seniori 2012"]
[Site "Sarata Monteoru/Romania"]
[Date "2012.02.14"]
[Round "2.13"]
[White "Danilov, Vladimir"]
[Black "Varlan, Hervig-Ioan"]
[Result "0-1"]
[ECO "E31"]
[WhiteElo "2440"]
[BlackElo "2184"]
[PlyCount "176"]
[EventDate "2012.??.??"]
[TimeControl "40/5400+30:900+30"]

1. d4 Nf6 2. c4 e6 3. Nc3 Bb4 4. Bg5 c5 5. d5 h6 6. Bh4 d6 7. e3 Qe7 8. Bd3
Bxc3+ 9. bxc3 e5 10. Bc2 Nbd7 11. Nf3 g5 12. Bg3 Nh5 13. Nd2 Ndf6 14. a4 Bd7
15. a5 O-O-O 16. Qb1 Kb8 17. Ra2 Ka8 18. Rb2 Rb8 19. Qa2 Ne8 20. O-O Nc7 21.
Bd1 Ng7 22. e4 h5 23. f3 h4 24. Bf2 Nh5 25. Ba4 Nf4 26. Rfb1 Ne2+ 27. Kh1 Nxc3
28. Qa3 Nxb1 29. Nxb1 g4 30. fxg4 Bxg4 31. h3 Bd7 32. Nc3 Bxa4 33. Qxa4 Na6 34.
Nd1 Nb4 35. Qa3 Qg5 36. Ne3 Rhg8 37. Bg1 Rg6 38. Nf5 Qc1 39. Nxh4 Rf6 40. a6
bxa6 41. Nf5 Qxc4 42. Qe3 Rg8 43. Ne7 Re8 44. Nc6 Nxc6 45. dxc6 Rc8 46. Qg5 Qe6
47. c7 Rxc7 48. Qd2 Rc6 49. Qa5 Qc8 50. Be3 Qc7 51. Qe1 Rb6 52. Ra2 Rg6 53. Qf1
Qb7 54. Qf5 Rb4 55. Rd2 Qxe4 56. Qxf7 Rb8 57. Bg1 Rbg8 58. Qa2 Rh8 59. Qa3 a5
60. Ra2 a4 61. Kh2 Rb8 62. Rf2 Rb3 63. Qa2 Kb7 64. Rf7+ Kb6 65. Qd2 Rbg3 66.
Qb2+ Rb3 67. Qd2 a3 68. Bxc5+ dxc5 69. Qd8+ Kb5 70. Qe8+ Qc6 71. Rb7+ Kc4 72.
Qf7+ Re6 73. Qf1+ Rd3 74. Rxa7 Kd4 75. Qf2+ Kd5 76. Qf5 c4 77. Ra5+ Kd4 78.
Qf2+ Ke4 79. Qe2+ Re3 80. Qc2+ Kd4 81. Qd2+ Rd3 82. Qf2+ Kc3 83. Rxa3+ Kb4 84.
Ra1 Rb3 85. Qa7 Qb6 86. Qa4+ Kc5 87. Qa8 e4 88. Rd1 Qb8+ 0-1

[Event "CN Seniori 2012"]
[Site "Sarata Monteoru/Romania"]
[Date "2012.02.14"]
[Round "2.15"]
[White "Bida, Mihai-Eugen"]
[Black "Georgescu, Tiberiu-Marian"]
[Result "1/2-1/2"]
[ECO "B12"]
[WhiteElo "2183"]
[BlackElo "2415"]
[PlyCount "78"]
[EventDate "2012.??.??"]
[TimeControl "40/5400+30:900+30"]

1. e4 c6 2. d4 d5 3. e5 Bf5 4. Nf3 e6 5. Be2 c5 6. Be3 cxd4 7. Nxd4 Ne7 8. Bg5
Qa5+ 9. Nc3 Nbc6 10. Bb5 Qc7 11. O-O Bg6 12. Qg4 a6 13. Ba4 Nc8 14. Rad1 Be7
15. h4 Bxg5 16. Qxg5 O-O 17. h5 Nxd4 18. hxg6 h6 19. Qg4 Nc6 20. Bxc6 bxc6 21.
gxf7+ Qxf7 22. Ne2 Ne7 23. Nd4 Nf5 24. Nxc6 Rac8 25. Nd4 Nxd4 26. Qxd4 Rxc2 27.
Rc1 Rfc8 28. Rxc2 Rxc2 29. a3 Qf5 30. Re1 a5 31. b4 axb4 32. axb4 Rc4 33. Qb6
d4 34. b5 d3 35. Qd8+ Kh7 36. b6 Rc2 37. Rf1 Rb2 38. Qd4 Rb5 39. Rd1 Rb3
1/2-1/2

[Event "CN Seniori 2012"]
[Site "Sarata Monteoru/Romania"]
[Date "2012.02.14"]
[Round "2.16"]
[White "Anton, Teodor"]
[Black "Tomici, Stefan"]
[Result "1/2-1/2"]
[ECO "C54"]
[WhiteElo "2393"]
[BlackElo "2147"]
[PlyCount "82"]
[EventDate "2012.??.??"]
[TimeControl "40/5400+30:900+30"]

1. e4 e5 2. Bc4 Nc6 3. Nf3 Bc5 4. d3 Nf6 5. O-O O-O 6. c3 a6 7. Bb3 Ba7 8. Nbd2
h6 9. Re1 d6 10. Nf1 Nh5 11. d4 Nf4 12. Bxf4 exf4 13. Qd2 g5 14. e5 d5 15. Bc2
Ne7 16. h3 Be6 17. N1h2 Qd7 18. Ng4 Bxg4 19. hxg4 Qe6 20. Qd3 Ng6 21. Qf5 Kg7
22. g3 Rh8 23. Kg2 Ne7 24. Qf6+ Qxf6 25. exf6+ Kxf6 26. gxf4 gxf4 27. Ne5 Nc6
28. Nxc6 bxc6 29. b4 a5 30. a3 Bb6 31. Ba4 Rag8 32. Bxc6 h5 33. Kf3 hxg4+ 34.
Kxf4 Rh2 35. Bxd5 Rxf2+ 36. Kg3 Rc2 37. Re3 c6 38. Rf1+ Kg5 39. Re5+ Kh6 40.
Rf6+ Rg6 41. Be4 Rxc3+ 1/2-1/2

[Event "CN Seniori 2012"]
[Site "?"]
[Date "2012.02.14"]
[Round "2.17"]
[White "Malureanu, Costin-George"]
[Black "Petrisor, Adrian-Marian"]
[Result "1/2-1/2"]
[ECO "C18"]
[WhiteElo "2139"]
[BlackElo "2385"]
[PlyCount "94"]
[EventDate "2012.??.??"]
[TimeControl "5400"]

1. e4 e6 2. d4 d5 3. Nc3 Bb4 4. e5 c5 5. a3 Bxc3+ 6. bxc3 Qa5 7. Bd2 Qa4 8. h4
Nc6 9. h5 h6 10. Nf3 c4 11. g4 Bd7 12. Bh3 O-O-O 13. Nh4 Nge7 14. f4 f6 15. O-O
Rdf8 16. Be3 Be8 17. Qe2 f5 18. Kh1 Nd8 19. Rg1 Rhg8 20. gxf5 Nxf5 21. Bxf5
exf5 22. Ng6 Rf7 23. Bf2 Ne6 24. Bh4 Qd7 25. Qf3 Nf8 26. e6 Nxe6 27. Rae1 Kb8
28. Re5 Nc7 29. Rge1 a6 30. Kh2 Qa4 31. R1e2 Rd7 32. Ne7 Rf8 33. Nxf5 Rdf7 34.
Nd6 Rxf4 35. Qg3 Bd7 36. Be7 Rf3 37. Qxg7 Rf2+ 38. Kg1 Rf1+ 39. Kg2 R8f4 40.
Qh8+ Ka7 41. Nc8+ Bxc8 42. Qxc8 Qc6 43. Bc5+ b6 44. Re7 Rf7 45. Bxb6+ Kxb6 46.
Qb8+ Qb7 47. R2e6+ Ka5 1/2-1/2

[Event "CN Seniori 2012"]
[Site "?"]
[Date "2012.02.14"]
[Round "2.18"]
[White "Bonte, Andrei-Mihai"]
[Black "Gulie, Cosmin"]
[Result "1/2-1/2"]
[ECO "E18"]
[WhiteElo "2380"]
[BlackElo "2133"]
[PlyCount "102"]
[EventDate "2012.??.??"]
[TimeControl "5400"]

1. d4 d5 2. c4 e6 3. Nf3 Nf6 4. g3 Be7 5. Bg2 O-O 6. O-O b6 7. Ne5 Bb7 8. Nc3
Nbd7 9. Qa4 Nxe5 10. dxe5 Ne4 11. Nxe4 dxe4 12. Be3 Qe8 13. Qc2 Qc6 14. Rab1 a5
15. f4 Rad8 16. Rfd1 Bc5 17. Bxc5 Qxc5+ 18. Kf1 Qe3 19. Qb3 Qxb3 20. axb3 f5
21. exf6 gxf6 22. Kf2 f5 23. Ke3 c5 24. h3 Kf7 25. g4 Bc6 26. g5 Ke7 27. h4
Rxd1 28. Rxd1 Ra8 29. h5 a4 30. Ra1 axb3 31. Rxa8 Bxa8 32. Bf1 Bc6 33. Kd2 Be8
34. h6 e5 35. e3 exf4 36. exf4 Kf7 37. Be2 Kg6 38. Kc3 Bf7 39. Kxb3 b5 40. Kc3
b4+ 41. Kd2 Be8 42. b3 Bd7 43. Ke3 Be6 44. Kf2 Kf7 45. Bf1 Bd7 46. Ke3 Kg6 47.
Be2 Be6 48. Bd1 Bd7 49. Kf2 Be6 50. Kg3 Kf7 51. Bh5+ Kg8 1/2-1/2

[Event "CN Seniori 2012"]
[Site "Sarata Monteoru/Romania"]
[Date "2012.02.15"]
[Round "3.1"]
[White "Dragomirescu, Robin-Alexandru"]
[Black "Parligras, Mircea-Emilian"]
[Result "1-0"]
[ECO "B19"]
[WhiteElo "2340"]
[BlackElo "2650"]
[PlyCount "77"]
[EventDate "2012.??.??"]
[TimeControl "40/5400+30:900+30"]

1. e4 c6 2. d4 d5 3. Nc3 dxe4 4. Nxe4 Bf5 5. Ng3 Bg6 6. h4 h6 7. Nf3 Nd7 8. h5
Bh7 9. Bd3 Bxd3 10. Qxd3 e6 11. Bf4 Qa5+ 12. Bd2 Bb4 13. c3 Be7 14. c4 Qc7 15.
d5 cxd5 16. cxd5 Qd6 17. Qe2 Qxd5 18. Rd1 Qxa2 19. Ne5 Nxe5 20. Qxe5 Qa6 21.
Qxg7 Bf6 22. Qg4 Rd8 23. Ne4 Bxb2 24. Rh3 Ne7 25. Bc3 Rxd1+ 26. Qxd1 Bxc3+ 27.
Rxc3 Qa5 28. Kf1 Kf8 29. Kg1 Qd5 30. Qf3 f5 31. Rd3 Qa5 32. Rd7 Rg8 33. Nd6 Rg5
34. g3 Qb6 35. Qc3 Rg7 36. Rxe7 Qb1+ 37. Kh2 Kxe7 38. Qc7+ Kf6 39. Ne8+ 1-0

[Event "CN Seniori 2012"]
[Site "Sarata Monteoru/Romania"]
[Date "2012.02.15"]
[Round "3.2"]
[White "Lupulescu, Constantin"]
[Black "Posedaru, Bogdan"]
[Result "1-0"]
[ECO "E08"]
[WhiteElo "2648"]
[BlackElo "2337"]
[PlyCount "55"]
[EventDate "2012.??.??"]
[TimeControl "40/5400+30:900+30"]

1. c4 e6 2. Nf3 d5 3. g3 Nf6 4. Bg2 c6 5. Qc2 Nbd7 6. O-O Be7 7. b3 O-O 8. Bb2
b6 9. d4 Bb7 10. Nc3 Qc7 11. Rfd1 Rfd8 12. e3 Rac8 13. Ne1 Qb8 14. Qe2 Ba6 15.
e4 dxc4 16. e5 Nd5 17. bxc4 Nf8 18. Nc2 Ng6 19. a4 Qc7 20. Be4 Bf8 21. h4 Nxc3
22. Bxc3 c5 23. d5 exd5 24. Bxd5 Re8 25. f4 Qd7 26. h5 Nh8 27. Ne3 Rcd8 28. Qf3
1-0

[Event "CN Seniori 2012"]
[Site "Sarata Monteoru/Romania"]
[Date "2012.02.15"]
[Round "3.3"]
[White "Stanciu, Alexandru-Ovidiu"]
[Black "Vajda, Levente"]
[Result "0-1"]
[ECO "E17"]
[WhiteElo "2314"]
[BlackElo "2594"]
[PlyCount "113"]
[EventDate "2012.??.??"]
[TimeControl "40/5400+30:900+30"]

1. c4 Nf6 2. Nc3 c5 3. g3 e6 4. Nf3 b6 5. Bg2 Bb7 6. O-O Be7 7. Re1 d5 8. cxd5
exd5 9. d4 O-O 10. Bf4 Nc6 11. Rc1 c4 12. Ne5 Na5 13. h4 a6 14. g4 b5 15. g5
Ne4 16. Nxe4 dxe4 17. Qd2 f6 18. gxf6 Bxf6 19. h5 Nc6 20. Nxc6 Bxc6 21. Red1
Bd5 22. Rc3 Ra7 23. Rh3 Raf7 24. e3 Bg5 25. Bg3 a5 26. Qc2 Qe7 27. Rd2 b4 28.
Be5 Bh4 29. Bxe4 Bxe4 30. Qxe4 c3 31. bxc3 bxc3 32. Rc2 Bxf2+ 33. Kh1 Be1 34.
Qd5 Bd2 35. h6 Rd8 36. Qc4 Qb7+ 37. Kh2 Qe4 38. Rg3 g6 39. Qb3 Qh4+ 40. Kg1 a4
41. Qxa4 Qxh6 42. Qc4 Qh5 43. Qb3 Re8 44. a4 Qd1+ 45. Kh2 Qe2+ 46. Kh3 Qf1+ 47.
Kh2 Rxe5 48. dxe5 Kg7 49. Qd5 Qe2+ 50. Kh3 Rf5 51. Qd7+ Kh6 52. Qxf5 gxf5 53.
e6 Qh5+ 54. Kg2 Qe8 55. Ra2 Qxe6 56. Ra1 Qe4+ 57. Kh2 0-1

[Event "CN Seniori 2012"]
[Site "Sarata Monteoru/Romania"]
[Date "2012.02.15"]
[Round "3.4"]
[White "Szabo, Gergely-Andras-Gyul"]
[Black "Voiteanu, Gabriel"]
[Result "1-0"]
[ECO "A16"]
[WhiteElo "2554"]
[BlackElo "2304"]
[PlyCount "95"]
[EventDate "2012.??.??"]
[TimeControl "40/5400+30:900+30"]

1. Nf3 Nf6 2. c4 g6 3. Nc3 d5 4. cxd5 Nxd5 5. Qa4+ Bd7 6. Qh4 Bc6 7. Qd4 f6 8.
e4 Nxc3 9. bxc3 Qxd4 10. Nxd4 e5 11. Nxc6 Nxc6 12. Rb1 O-O-O 13. Bc4 Na5 14.
Be6+ Kb8 15. a4 Rd6 16. Bd5 b6 17. h4 c6 18. Ba2 Nb7 19. d4 exd4 20. Bf4 dxc3
21. Rh3 Nc5 22. Rxc3 Nxe4 23. Rxc6 Kb7 24. Rc4 f5 25. Rxe4 fxe4 26. Be5 e3 27.
fxe3 Rd3 28. Bxh8 Rxe3+ 29. Kf1 Bc5 30. Bd5+ Ka6 31. Rb3 Re8 32. Bb2 Be7 33. g3
Rd8 34. Bc4+ Ka5 35. Bb5 Bb4 36. Ke2 a6 37. Bxa6 Re8+ 38. Kf3 Rf8+ 39. Kg2 Kxa4
40. Rf3 Rd8 41. Bc3 Bxc3 42. Rxc3 b5 43. Rc7 Ka5 44. Bb7 b4 45. Rxh7 b3 46. Be4
Rd6 47. Rg7 b2 48. Rb7 1-0

[Event "CN Seniori 2012"]
[Site "Sarata Monteoru/Romania"]
[Date "2012.02.15"]
[Round "3.5"]
[White "Nevednichy, Vladislav"]
[Black "Ciobanu, Aurelian"]
[Result "1/2-1/2"]
[ECO "B06"]
[WhiteElo "2546"]
[BlackElo "2276"]
[PlyCount "76"]
[EventDate "2012.??.??"]
[TimeControl "40/5400+30:900+30"]

1. e4 g6 2. d4 Bg7 3. Nf3 d6 4. c3 a6 5. Bd3 Nc6 6. O-O e5 7. Be3 Nf6 8. h3 O-O
9. Nbd2 Re8 10. Re1 b6 11. a3 Bb7 12. d5 Ne7 13. c4 Nh5 14. Qc2 Bc8 15. b4 f5
16. Bg5 Rf8 17. Nh4 Bf6 18. Bxf6 Rxf6 19. c5 Qf8 20. cxd6 cxd6 21. Qc7 b5 22.
a4 bxa4 23. Rxa4 Nf4 24. Bf1 g5 25. Nxf5 Nxf5 26. exf5 Bxf5 27. Rxa6 Rc8 28.
Qa5 Bd3 29. Rc6 Ra8 30. Qb6 Nxd5 31. Qb7 Nf4 32. Qb6 Rc8 33. Qa5 Ra8 34. Ra6
Rc8 35. Ne4 Bxe4 36. Rxe4 Nxh3+ 37. gxh3 Rxf2 38. Bg2 Rc1+ 1/2-1/2

[Event "CN Seniori 2012"]
[Site "Sarata Monteoru/Romania"]
[Date "2012.02.15"]
[Round "3.6"]
[White "Florescu, Codrut-Constantin"]
[Black "Miron, Lucian-Costin"]
[Result "1/2-1/2"]
[ECO "C96"]
[WhiteElo "2282"]
[BlackElo "2525"]
[PlyCount "70"]
[EventDate "2012.??.??"]
[TimeControl "40/5400+30:900+30"]

1. e4 e5 2. Nf3 Nc6 3. Bb5 a6 4. Ba4 Nf6 5. O-O Be7 6. Re1 b5 7. Bb3 d6 8. c3
O-O 9. h3 Na5 10. Bc2 c5 11. d4 Nd7 12. Nbd2 exd4 13. cxd4 Nc6 14. d5 Nce5 15.
Nxe5 Nxe5 16. f4 Ng6 17. Nf3 f5 18. exf5 Bxf5 19. Bxf5 Rxf5 20. g4 Rxf4 21.
Bxf4 Nxf4 22. Re4 Nxh3+ 23. Kg2 Ng5 24. Nxg5 Bxg5 25. Qe2 Bf6 26. Re6 Be5 27.
Rf1 Qh4 28. Rxe5 dxe5 29. Qf3 Qf6 30. Qxf6 gxf6 31. Rxf6 Rd8 32. d6 Kg7 33. Re6
Kf7 34. Rh6 Kg7 35. Re6 Kf7 1/2-1/2

[Event "CN Seniori 2012"]
[Site "Sarata Monteoru/Romania"]
[Date "2012.02.15"]
[Round "3.7"]
[White "Varlan, Hervig-Ioan"]
[Black "Dumitrache, Dragos-Nicolae"]
[Result "1/2-1/2"]
[ECO "A46"]
[WhiteElo "2184"]
[BlackElo "2460"]
[PlyCount "99"]
[EventDate "2012.??.??"]
[TimeControl "40/5400+30:900+30"]

1. d4 Nf6 2. Nf3 e6 3. g3 b5 4. Bg2 Bb7 5. O-O Be7 6. b3 O-O 7. Bb2 a6 8. Nbd2
c5 9. e3 cxd4 10. Nxd4 Bxg2 11. Kxg2 Nc6 12. Nxc6 dxc6 13. Nf3 Qd5 14. Qe2 Rfd8
15. Rfd1 Qe4 16. Kg1 Qg4 17. Kg2 Rd5 18. Rd4 Rxd4 19. Bxd4 Rd8 20. Bxf6 Bxf6
21. Rd1 Rd5 22. Rxd5 exd5 23. a4 Qe4 24. axb5 cxb5 25. Kf1 g6 26. Ng1 Kg7 27.
Qd2 d4 28. exd4 Qxd4 29. Qxd4 Bxd4 30. Ne2 Be5 31. b4 Kf6 32. Ke1 Bd6 33. c3
Ke5 34. Kd2 Ke4 35. Ng1 h5 36. f3+ Kd5 37. Kd3 g5 38. Ne2 g4 39. fxg4 hxg4 40.
Nd4 Ke5 41. Nc6+ Kd5 42. Nd4 Bf8 43. Nf5 Ke5 44. Nd4 Bd6 45. Nc6+ Kd5 46. Nd4
Be7 47. Nf5 Bg5 48. Nd4 Bd8 49. Nf5 Bg5 50. Nd4 1/2-1/2

[Event "CN Seniori 2012"]
[Site "Sarata Monteoru/Romania"]
[Date "2012.02.15"]
[Round "3.8"]
[White "Cioara, Andrei-Nestor"]
[Black "Baciu, Stefan"]
[Result "1-0"]
[ECO "C45"]
[WhiteElo "2456"]
[BlackElo "2222"]
[PlyCount "69"]
[EventDate "2012.??.??"]
[TimeControl "40/5400+30:900+30"]

1. e4 e5 2. Nf3 Nc6 3. d4 exd4 4. Nxd4 Bc5 5. Nxc6 Qf6 6. Qf3 dxc6 7. Nc3 Qxf3
8. gxf3 Be6 9. Rg1 Bf8 10. Be3 O-O-O 11. Bxa7 Bd6 12. Be3 Bxh2 13. Rxg7 Be5 14.
Rg1 Nf6 15. Bd3 Bxc3+ 16. bxc3 Nd7 17. f4 f6 18. f5 Bf7 19. f4 Rdg8 20. Kf2
Rxg1 21. Rxg1 Rg8 22. Rh1 h5 23. c4 c5 24. Bd2 b5 25. Bc3 bxc4 26. Be2 Re8 27.
Bf3 Nb6 28. Bxf6 c3 29. Bxc3 Bxa2 30. Rxh5 Bb1 31. f6 Nd7 32. e5 Bxc2 33. f7
Rf8 34. e6 Bg6 35. e7 1-0

[Event "CN Seniori 2012"]
[Site "Sarata Monteoru/Romania"]
[Date "2012.02.15"]
[Round "3.9"]
[White "Balla, Tamas-Kristof"]
[Black "Prodileanu, Adrian"]
[Result "0-1"]
[ECO "E39"]
[WhiteElo "2377"]
[BlackElo "2204"]
[PlyCount "90"]
[EventDate "2012.??.??"]
[TimeControl "40/5400+30:900+30"]

1. d4 Nf6 2. c4 e6 3. Nc3 Bb4 4. Qc2 c5 5. dxc5 O-O 6. Bg5 Qa5 7. Bd2 Qxc5 8.
a3 Bxc3 9. Qxc3 d5 10. cxd5 Qxc3 11. Bxc3 Nxd5 12. Bd2 Nc6 13. e4 Nb6 14. Be3
e5 15. Bxb6 axb6 16. Bc4 Nd4 17. Rd1 b5 18. Bd5 b4 19. axb4 Ra4 20. Ne2 Rxb4
21. Nxd4 exd4 22. Rd2 Be6 23. Bxe6 fxe6 24. Ke2 Rc8 25. e5 Rc5 26. f4 Kf7 27.
Kf3 Rd5 28. Rc1 Rb3+ 29. Ke2 Kg6 30. Rc4 Kf5 31. Rcxd4 Rxd4 32. Rxd4 Rxb2+ 33.
Kf3 Rb3+ 34. Kf2 h5 35. g3 Rb2+ 36. Kf3 Rb3+ 37. Kf2 h4 38. Rd7 h3 39. Rxg7 Ke4
40. Rc7 Rb2+ 41. Kg1 b5 42. Rc3 b4 43. Rc4+ Kf3 44. Rc1 Rg2+ 45. Kh1 b3 0-1

[Event "CN Seniori 2012"]
[Site "Sarata Monteoru/Romania"]
[Date "2012.02.15"]
[Round "3.10"]
[White "Manea, Alexandru"]
[Black "Manole, Stefan"]
[Result "1-0"]
[ECO "D11"]
[WhiteElo "2429"]
[BlackElo "2082"]
[PlyCount "139"]
[EventDate "2012.??.??"]
[TimeControl "40/5400+30:900+30"]

1. Nf3 d5 2. c4 c6 3. d4 Nf6 4. e3 Bg4 5. Be2 e6 6. O-O Nbd7 7. Nc3 Bd6 8. b3
O-O 9. Bb2 Qe7 10. h3 Bh5 11. Ne5 Bxe2 12. Nxe2 Ba3 13. Bxa3 Qxa3 14. Nd3 Qd6
15. Rc1 Rac8 16. c5 Qc7 17. Ng3 Rfd8 18. Qe2 b5 19. Kh1 Ne4 20. Nh5 g6 21. f3
Ng3+ 22. Nxg3 Qxg3 23. Ra1 e5 24. Qe1 Qxe1 25. Rfxe1 e4 26. fxe4 dxe4 27. Nf4
Nf6 28. Kg1 Kg7 29. Kf2 Nd5 30. Nxd5 Rxd5 31. a4 b4 32. a5 Rb8 33. Ra4 Rb5 34.
Rc1 Rd8 35. Kg3 f5 36. Rc4 Rdb8 37. Kf4 Kf6 38. g4 a6 39. Rc2 g5+ 40. Kg3 fxg4
41. Kxg4 Kg6 42. Rf2 h5+ 43. Kg3 Rd8 44. Ra1 Re8 45. h4 g4 46. Rf4 Re6 47. Rf8
Rf6 48. Rxf6+ Kxf6 49. Kf4 Rb8 50. Kxe4 Kg7 51. Rf1 Rf8 52. Rf4 Rf6 53. Rxf6
Kxf6 54. Kf4 Ke7 55. e4 Ke6 56. Kg3 Ke7 57. d5 cxd5 58. exd5 Kd7 59. Kf4 Kc7
60. Ke3 Kd7 61. Ke4 Kc7 62. d6+ Kc6 63. Kd4 Kd7 64. Kd5 g3 65. c6+ Kc8 66. Ke6
g2 67. Ke7 g1=Q 68. d7+ Kc7 69. d8=Q+ Kxc6 70. Qd7+ 1-0

[Event "CN Seniori 2012"]
[Site "Sarata Monteoru/Romania"]
[Date "2012.02.15"]
[Round "3.11"]
[White "Pop, Alexandru"]
[Black "Manolache, Marius"]
[Result "1/2-1/2"]
[ECO "A46"]
[WhiteElo "2254"]
[BlackElo "2552"]
[PlyCount "117"]
[EventDate "2012.??.??"]
[TimeControl "40/5400+30:900+30"]

1. Nf3 Nf6 2. g3 d6 3. d4 Bf5 4. Bg2 Qc8 5. O-O h6 6. c4 c6 7. Nc3 Na6 8. Re1
Ne4 9. Nh4 Nxc3 10. bxc3 Bg4 11. Qd3 g5 12. Nf3 Bg7 13. Rb1 Bf5 14. e4 Bg6 15.
h4 f6 16. Nh2 Qd7 17. f4 Bf7 18. hxg5 fxg5 19. e5 dxe5 20. fxe5 O-O 21. Ba3
Rad8 22. d5 Be6 23. Qe3 cxd5 24. cxd5 Bxd5 25. Bxd5+ Qxd5 26. Bxe7 Rde8 27.
Bxf8 Rxe5 28. Qf3 Rxe1+ 29. Rxe1 Qxf3 30. Nxf3 Bxf8 31. Nd4 Bc5 32. Kg2 Kf7 33.
g4 Nc7 34. Re5 b6 35. Kf3 Kg6 36. Ke4 Bd6 37. Rf5 Ne8 38. Ne6 Nf6+ 39. Kf3 Nxg4
40. Rd5 Ne5+ 41. Ke4 Nf7 42. Nd8 Bc5 43. Nxf7 Kxf7 44. Kf5 Ke7 45. Rd3 Bf2 46.
Rd2 Bg3 47. Kg6 Bf4 48. Rd1 Be5 49. c4 Bd6 50. Kxh6 g4 51. Kg5 g3 52. Kg4 Kd7
53. Kf3 Kc6 54. Rd5 a6 55. a4 Bc5 56. Rg5 Bf2 57. Ke4 a5 58. Kd3 Kd6 59. Ke4
1/2-1/2

[Event "CN Seniori 2012"]
[Site "Sarata Monteoru/Romania"]
[Date "2012.02.15"]
[Round "3.12"]
[White "Paval, George"]
[Black "Filip, Lucian"]
[Result "1/2-1/2"]
[ECO "E15"]
[WhiteElo "2229"]
[BlackElo "2490"]
[PlyCount "45"]
[EventDate "2012.??.??"]
[TimeControl "40/5400+30:900+30"]

1. d4 Nf6 2. Nf3 e6 3. c4 b6 4. g3 Ba6 5. Qc2 Bb7 6. Bg2 c5 7. O-O cxd4 8. Nxd4
Bxg2 9. Kxg2 Qc8 10. Nd2 Nc6 11. Nxc6 Qxc6+ 12. Kg1 Rc8 13. Qd3 Be7 14. b3 d5
15. Bb2 dxc4 16. Nxc4 O-O 17. Rac1 Rfd8 18. Ne5 Qb7 19. Rxc8 Rxc8 20. Rc1 Rxc1+
21. Bxc1 h6 22. Bb2 b5 23. a4 1/2-1/2

[Event "CN Seniori 2012"]
[Site "Sarata Monteoru/Romania"]
[Date "2012.02.15"]
[Round "3.13"]
[White "Stegariu, Vlad-Ionut"]
[Black "Baratosi, Daniel"]
[Result "1/2-1/2"]
[ECO "D56"]
[WhiteElo "2202"]
[BlackElo "2418"]
[PlyCount "65"]
[EventDate "2012.??.??"]
[TimeControl "40/5400+30:900+30"]

1. d4 Nf6 2. c4 e6 3. Nf3 d5 4. Nc3 Be7 5. Bg5 O-O 6. e3 h6 7. Bh4 Ne4 8. Bxe7
Qxe7 9. Rc1 c6 10. Bd3 Nxc3 11. Rxc3 dxc4 12. Bxc4 Nd7 13. O-O e5 14. Nxe5 Nxe5
15. dxe5 Qxe5 16. Qc1 Rd8 17. f4 Qe4 18. f5 Bxf5 19. Rf4 Qe5 20. Bxf7+ Kxf7 21.
g4 Kg8 22. gxf5 Rd7 23. Rb3 Qf6 24. Qc4+ Kh8 25. Rd3 Rad8 26. Rxd7 Rxd7 27. Qe2
Qd8 28. Qg4 Qb6 29. Re4 Qd8 30. Qg6 Re7 31. Rxe7 Qxe7 32. Qg3 a5 33. Qf4
1/2-1/2

[Event "CN Seniori 2012"]
[Site "Sarata Monteoru/Romania"]
[Date "2012.02.15"]
[Round "3.14"]
[White "Georgescu, Tiberiu-Marian"]
[Black "Pribeanu, Mihail-Dacian"]
[Result "1-0"]
[ECO "A27"]
[WhiteElo "2415"]
[BlackElo "2186"]
[PlyCount "71"]
[EventDate "2012.??.??"]
[TimeControl "40/5400+30:900+30"]

1. c4 e5 2. g3 Nc6 3. Nc3 f5 4. Nf3 Nf6 5. d4 e4 6. Nh4 g6 7. Bg5 d6 8. Qd2 Bg7
9. Nd5 O-O 10. Ng2 Ne7 11. Ngf4 Nexd5 12. cxd5 Qe8 13. Bxf6 Bxf6 14. h4 c5 15.
dxc6 bxc6 16. e3 Rb8 17. Bc4+ Kh8 18. Rb1 c5 19. dxc5 dxc5 20. Qe2 Kg7 21. O-O
Qe5 22. b3 Rd8 23. Rfd1 Rxd1+ 24. Rxd1 Rb7 25. Ba6 Rc7 26. Bxc8 Rxc8 27. Qa6
Re8 28. Qxa7+ Re7 29. Rd7 Rxd7 30. Qxd7+ Kh6 31. Kg2 Qb2 32. Qd6 Be5 33. Qf8+
Bg7 34. Qxc5 Qxa2 35. Qe7 Ba1 36. Ne6 1-0

[Event "CN Seniori 2012"]
[Site "Sarata Monteoru/Romania"]
[Date "2012.02.15"]
[Round "3.15"]
[White "Gulie, Cosmin"]
[Black "Anton, Teodor"]
[Result "1/2-1/2"]
[ECO "B06"]
[WhiteElo "2133"]
[BlackElo "2393"]
[PlyCount "96"]
[EventDate "2012.??.??"]
[TimeControl "40/5400+30:900+30"]

1. e4 g6 2. d4 Bg7 3. Nf3 d6 4. c3 Nd7 5. Bd3 e5 6. dxe5 dxe5 7. Be3 Ngf6 8. h3
O-O 9. O-O c6 10. Qc2 Re8 11. Nbd2 Nh5 12. Bc4 Nf4 13. Bxf4 exf4 14. Rfe1 Qe7
15. Rad1 b5 16. Bb3 Nc5 17. Nf1 a5 18. a3 Nxb3 19. Qxb3 a4 20. Qc2 c5 21. Qd2
Qc7 22. e5 Bb7 23. Qxf4 Bxf3 24. Qxf3 Bxe5 25. Ne3 Ra6 26. Ng4 Rae6 27. Nxe5
Rxe5 28. Rxe5 Qxe5 29. Rd7 Qe6 30. Rb7 Qb3 31. Kh2 Kg7 32. g4 h6 33. h4 Qc4 34.
Kg2 Re5 35. Kg3 h5 36. Qf4 Qxf4+ 37. Kxf4 Re2 38. Rxb5 hxg4 39. Kg3 f5 40. Rxc5
Rxb2 41. h5 Ra2 42. f4 gxf3 43. Kxf3 gxh5 44. Rxf5 Kg6 45. Ra5 Rxa3 46. Kf4 Ra1
47. Kg3 a3 48. c4 Kf6 1/2-1/2